 Dungeon Crawl Stone Soup version 0.15.1-1-gfacfea3 (webtiles) character file.

562 CrazyArbalest the Ducker (level 7, -1/33 HPs)
             Began as a Spriggan Enchanter on Sept 21, 2014.
             Killed from afar by an orc wizard (6 damage)
             ... with a magic dart
             ... on Level 6 of the Dungeon.
             The game lasted 00:24:28 (5078 turns).

CrazyArbalest the Ducker (Spriggan Enchanter)       Turns: 5078, Time: 00:24:28

HP  -1/33        AC  9     Str  5      XL: 7   Next: 10%
MP  20/20        EV 23     Int 19      God:
Gold 211         SH  0     Dex 18      Spells:  4 memorised,  5 levels left

rFire  . . .     SeeInvis +     p - +1 flail (protect)
rCold  . . .     Clarity  .     b - +1 robe
rNeg   . . .     rCorr    .     (shield restricted)
rPois  .         rRot     .     (helmet restricted)
rElec  .         Spirit   .     s - +0 cloak
SustAb .         Warding  .     (gloves unavailable)
rMut   .         Stasis   +     (boots unavailable)
Gourm  .                        j - amulet of stasis
MR     +....                    (no ring)
                                m - +3 ring of intelligence

@: very quick, somewhat resistant to hostile enchantments, stealthy
A: unfitting armour, see invisible, herbivore 3, speed 3, slow metabolism 2
a: no special abilities


You were on level 6 of the Dungeon.
You were not hungry.

You visited 1 branch of the dungeon, and saw 6 of its levels.

You collected 211 gold pieces.

Inventory:

Hand weapons
 a - a +1 dagger
 p - a +1 flail of protection (weapon)
Armour
 b - a +1 robe (worn)
 s - a +0 cloak (worn)
Magical devices
 r - a wand of flame (0)
Comestibles
 w - a slice of pizza
 x - a bread ration
Scrolls
 e - 2 scrolls of teleportation
 g - 4 scrolls of remove curse
 i - 4 scrolls of identify
 n - a scroll of magic mapping {unknown}
 o - a scroll of amnesia {unknown}
 q - 2 scrolls of enchant armour {unknown}
 t - 2 scrolls of recharging {unknown}
Jewellery
 j - an amulet of stasis (around neck)
 m - a +3 ring of intelligence (left hand)
Potions
 d - a potion of porridge
 f - a potion of magic {unknown}
 h - 3 potions of brilliance {unknown}
 k - 5 potions of curing
 l - a potion of flight {unknown}
 u - a potion of invisibility {unknown}
 v - 2 potions of restore abilities {unknown}
 z - a potion of might {unknown}
 A - a potion of haste
Books
 c - a book of Maledictions

   Spells                             Type                      Level
   *Corona                            Hexes                        1
   *Sure Blade                        Hexes/Charms                 2
   *Ensorcelled Hibernation           Hexes/Ice                    2
   *Confuse                           Hexes                        3
   Dazzling Spray                     Conjuration/Hexes            3
   Enslavement                        Hexes                        4


   Skills:
 + Level 1.0 Fighting
 + Level 2.9 Short Blades
 + Level 7.2 Dodging
 + Level 7.0 Stealth
 + Level 3.9 Spellcasting
 + Level 5.0 Hexes


You had 5 spell levels left.
You knew the following spells:

 Your Spells              Type           Power        Failure   Level  Hunger
a - Corona                Hex            ###....      1%          1    None
b - Confuse               Hex            ###.....     8%          3    ###....
c - Ensorcelled Hibernat  Hex/Ice        ##....       10%         2    #......
d - Sure Blade            Hex/Chrm       ##........   10%         2    #......


Dungeon Overview and Level Annotations

Branches:
Dungeon (6/15)
 Temple: D:4-7

Altars:
Fedhas

Annotations:
D:6 CrazyArbalest's ghost, experienced SpEn


Innate Abilities, Weirdness & Mutations

You are tiny and cannot use many weapons and most armour.
You have supernaturally acute eyesight.
You are a herbivore.
You cover ground extremely quickly.
You need consume almost no food.


Message History

The orc wizard is moderately wounded.
You completely miss the orc wizard. The orc wizard completely misses you.
The orc wizard casts a spell at you. The magic dart hits you!
* * * LOW HITPOINT WARNING * * *
The orc wizard hits you with a dagger.
* * * LOW HITPOINT WARNING * * *
You hit the orc wizard.
The orc wizard is moderately wounded.
The orc wizard misses you. The orc wizard barely misses you.
You hit the orc wizard but do no damage.
The orc wizard is moderately wounded.
The orc wizard's eyes start to glow.
The orc wizard hits you but does no damage.
You miss the orc wizard.
The orc wizard is moderately wounded.
The orc wizard closely misses you.
The orc wizard points at you and mumbles some strange words.
The magic dart hits you!
You die...

.......................
#....###....#..# .r.
.......##....##.#### ..#
....................##[#
..................Bo#..#
........#.#...........#
........#.#.<.#####.###
..........########B.#
...........)....@oo##
........############
.......## #.....##
######


You could see a goliath beetle and 2 orc wizards.

Vanquished Creatures
  An ice beast (D:5)
  An ogre (D:5)
  Duvessa (D:4)
  Dowan (D:4)
  3 worker ants
  An orc wizard (D:6)
  Ijyb (D:3)
  Jessica (D:2)
  2 gnolls (D:3)
  3 adders
  3 worms
  4 giant geckos
  2 oozes (D:1)
  11 orcs
  7 bats
  4 hobgoblins
  12 kobolds
  5 giant cockroaches
  A giant gecko skeleton (D:4)
  4 giant newts
  10 goblins
  11 jackals
  5 rats
94 creatures vanquished.

Notes
Turn   | Place    | Note
--------------------------------------------------------------
     0 | D:1      | CrazyArbalest, the Spriggan Enchanter, began the quest for the Orb.
     0 | D:1      | Reached XP level 1. HP: 9/9 MP: 4/4
    95 | D:1      | Reached XP level 2. HP: 13/13 MP: 7/7
   346 | D:1      | Reached skill level 5 in Stealth
   515 | D:1      | Reached XP level 3. HP: 1/16 MP: 8/10
  1129 | D:2      | Noticed Jessica
  1205 | D:2      | Found a blossoming altar of Fedhas.
  1558 | D:2      | Learned a level 3 spell: Confuse
  1570 | D:2      | Killed Jessica
  1570 | D:2      | Reached XP level 4. HP: 21/21 MP: 6/13
  2185 | D:3      | Noticed Ijyb
  2411 | D:3      | Killed Ijyb
  2411 | D:3      | Reached skill level 5 in Dodging
  3022 | D:4      | Reached XP level 5. HP: 19/25 MP: 16/16
  3152 | D:4      | Learned a level 2 spell: Ensorcelled Hibernation
  3155 | D:4      | Learned a level 2 spell: Sure Blade
  3747 | D:4      | Noticed Dowan
  3922 | D:4      | Noticed Duvessa
  3952 | D:4      | Killed Duvessa
  3952 | D:4      | Reached skill level 6 in Stealth
  3977 | D:4      | Killed Dowan
  3977 | D:4      | Reached XP level 6. HP: 29/29 MP: 15/18
  4687 | D:5      | Entered Level 5 of the Dungeon
  4741 | D:5      | Reached skill level 1 in Fighting
  4886 | D:5      | Reached skill level 7 in Dodging
  4886 | D:5      | Reached XP level 7. HP: 33/33 MP: 17/20
  5034 | D:6      | Reached skill level 5 in Hexes
  5054 | D:6      | Noticed CrazyArbalest's ghost (experienced SpEn)
  5078 | D:6      | Killed from afar by an orc wizard

Action                   |  1- 3 |  4- 6 |  7- 9 || total
-------------------------+-------+-------+-------++-------
Melee: Dagger            |   222 |   254 |    43 ||   519
       Flail             |       |       |    16 ||    16
 Cast: Confuse           |     1 |    10 |     4 ||    15
  Use: Scroll            |       |     2 |     3 ||     5
       Potion            |       |       |     2 ||     2
 Stab: Sleeping          |    10 |     6 |     1 ||    17
       Confused          |       |    10 |       ||    10
       Distracted        |       |     1 |     1 ||     2
  Eat: Bread ration      |       |     1 |       ||     1
